3109 views
Uploaded 2020-04-18 10:21:55
Game version 1.32.3
26:46 long 2on2 ladder game on (4)SynergyBigPaved
Saved by zebroni
3109 views
Uploaded 2020-04-18 10:21:55
Game version 1.32.3
26:46 long 2on2 ladder game on (4)SynergyBigPaved
96 units @ 14.7k
/ 2.2k
35 buildings @ 5.5k
/ 1.9k


x1)
| Lesser Clarity Potion | 6 | 420 |
| Scroll of Regeneration | 5 | 500 |
| Potion of Mana | 2 | 400 |
| Potion of Healing | 6 | 900 |
| Staff of Sanctuary | 1 | 250 |
| Scroll of Healing | 2 | 500 |
| Boots of Speed | 1 | 250 |
| Tome of Retraining | 1 | 300 |
| Potion of Lesser Invulnerability | 2 | 300 |
| Staff of Preservation | 1 | 150 |
| total: | 27 | 3970g |
| Peasant | 16 | 1200 | / | 0 |
| Footman | 7 | 945 | / | 0 |
| Knight | 12 | 2940 | / | 720 |
| Ice Troll Trapper | 2 | 400 | / | 40 |
| Ice Troll Berserker | 1 | 245 | / | 30 |
| total: | 38 | 5730g | / | 790w |
| Scout Tower | 1 | 30 | / | 20 |
| Arcane Tower | 1 | 70 | / | 50 |
| Farm | 7 | 560 | / | 140 |
| Altar of Kings | 2 | 360 | / | 100 |
| Barracks | 2 | 320 | / | 120 |
| Blacksmith | 1 | 140 | / | 60 |
| Arcane Vault | 1 | 130 | / | 30 |
| Lumber Mill | 1 | 120 | / | 0 |
| Town Hall | 2 | 770 | / | 410 |
| Keep | 1 | 320 | / | 210 |
| Castle | 1 | 360 | / | 210 |
| total: | 17 | 2430g | / | 880w |
| 0:02 | Peasant |
| 0:02 | Peasant |
| 0:04 | Farm |
| 0:05 | Altar of Kings |
| 0:06 | Altar of Kings |
| 0:18 | Barracks |
| 0:32 | Peasant |
| 0:33 | Peasant |
| 0:34 | Farm |
| 0:48 | Farm |
| 1:00 | Peasant |
| 1:05 | Peasant |
| 1:19 | Footman |
| 1:29 | Peasant |
| 1:36 | Farm |
| 1:44 | Footman |
| 1:45 | Footman |
| 1:51 | Peasant |
| 1:56 | Scout Tower |
| 2:03 | Peasant |
| 2:09 | Storm Bolt |
| 2:17 | Footman |
| 2:53 | Footman |
| 2:56 | Arcane Tower |
| 3:01 | Farm |
| 3:27 | Footman |
| 4:06 | Ice Troll Trapper |
| 4:06 | Ice Troll Berserker |
| 4:14 | Keep |
| 4:38 | Bash |
| 4:39 | Boots of Speed |
| 4:43 | Farm |
| 4:56 | Blacksmith |
| 5:17 | Defend |
| 5:50 | Arcane Vault |
| 5:57 | Lesser Clarity Potion |
| 6:08 | Footman |
| 6:21 | Scroll of Regeneration |
| 6:22 | Scroll of Regeneration |
| 6:27 | Staff of Preservation |
| 7:01 | Storm Bolt |
| 7:09 | Potion of Mana |
| 7:19 | Potion of Healing |
| 7:32 | Potion of Healing |
| 7:51 | Lesser Clarity Potion |
| 7:59 | Potion of Healing |
| 8:21 | Lesser Clarity Potion |
| 8:43 | Castle |
| 8:52 | Lesser Clarity Potion |
| 9:02 | Siphon Mana |
| 9:17 | Bash |
| 9:31 | Tome of Retraining |
| 9:31 | Retrain Hero |
| 9:35 | Thunder Clap |
| 9:35 | Storm Bolt |
| 9:42 | Barracks |
| 10:06 | Farm |
| 10:13 | Lumber Mill |
| 10:26 | Iron Plating |
| 11:02 | Banish |
| 11:06 | Knight |
| 11:24 | Sundering Blades |
| 11:24 | Animal War Training |
| 11:47 | Iron Forged Swords |
| 12:20 | Knight |
| 12:47 | Town Hall |
| 13:19 | Peasant |
| 13:19 | Peasant |
| 14:15 | Thunder Clap |
| 14:18 | Siphon Mana |
| 14:34 | Ice Troll Trapper |
| 14:43 | Peasant |
| 14:43 | Peasant |
| 15:08 | Knight |
| 15:21 | Scroll of Regeneration |
| 15:21 | Lesser Clarity Potion |
| 15:24 | Lesser Clarity Potion |
| 15:33 | Potion of Mana |
| 15:59 | Potion of Lesser Invulnerability |
| 16:00 | Knight |
| 17:08 | Banish |
| 18:01 | Potion of Healing |
| 18:05 | Avatar |
| 18:30 | Knight |
| 18:30 | Knight |
| 18:32 | Steel Plating |
| 18:39 | Scroll of Regeneration |
| 19:41 | Town Hall |
| 19:57 | Knight |
| 20:11 | Steel Forged Swords |
| 21:30 | Siphon Mana |
| 22:16 | Knight |
| 22:16 | Peasant |
| 22:16 | Peasant |
| 22:17 | Peasant |
| 22:43 | Staff of Sanctuary |
| 22:47 | Scroll of Regeneration |
| 23:07 | Knight |
| 23:08 | Mithril Plating |
| 23:44 | Potion of Lesser Invulnerability |
| 23:45 | Scroll of Healing |
| 23:46 | Scroll of Healing |
| 23:50 | Knight |
| 25:02 | Knight |
| 25:43 | Knight |
| 26:06 | Potion of Healing |
| 26:18 | Potion of Healing |

| Potion of Healing | 1 | 150 |
| Lesser Clarity Potion | 1 | 70 |
| Potion of Mana | 1 | 200 |
| total: | 3 | 420g |
| Wisp | 17 | 1020 | / | 0 |
| Archer | 28 | 3640 | / | 280 |
| Huntress | 2 | 390 | / | 40 |
| Mountain Giant | 8 | 2800 | / | 800 |
| Goblin Shredder | 3 | 1125 | / | 300 |
| total: | 58 | 8975g | / | 1420w |
| Ancient Protector | 1 | 135 | / | 80 |
| Altar of Elders | 1 | 180 | / | 50 |
| Moon Well | 11 | 1980 | / | 440 |
| Ancient of War | 1 | 150 | / | 60 |
| Hunter's Hall | 1 | 210 | / | 100 |
| Ancient of Wonders | 1 | 90 | / | 30 |
| Ancient of Lore | 2 | 310 | / | 290 |
| Tree of Ages | 1 | 320 | / | 180 |
| Tree of Eternity | 1 | 330 | / | 200 |
| total: | 18 | 3055g | / | 1050w |
| 0:03 | Wisp |
| 0:03 | Wisp |
| 0:03 | Wisp |
| 0:12 | Altar of Elders |
| 0:20 | Moon Well |
| 0:35 | Ancient of War |
| 0:36 | Wisp |
| 0:38 | Wisp |
| 0:38 | Wisp |
| 0:52 | Wisp |
| 0:53 | Wisp |
| 1:19 | Wisp |
| 1:31 | Moon Well |
| 1:37 | Archer |
| 1:48 | Wisp |
| 1:49 | Wisp |
| 2:17 | Hunter's Hall |
| 2:25 | Force of Nature |
| 2:28 | Archer |
| 2:38 | Archer |
| 2:51 | Archer |
| 3:20 | Ancient of Wonders |
| 3:29 | Tree of Ages |
| 3:50 | Archer |
| 3:50 | Archer |
| 4:24 | Archer |
| 4:27 | Moon Well |
| 4:50 | Entangling Roots |
| 5:54 | Archer |
| 6:06 | Ancient Protector |
| 6:18 | Improved Bows |
| 6:21 | Tree of Eternity |
| 6:24 | Strength of the Moon |
| 7:13 | Entangling Roots |
| 8:03 | Huntress |
| 8:04 | Huntress |
| 8:28 | Potion of Healing |
| 8:29 | Lesser Clarity Potion |
| 8:29 | Potion of Mana |
| 8:39 | Archer |
| 8:39 | Archer |
| 9:06 | Archer |
| 9:19 | Ancient of Lore |
| 9:26 | Ancient of Lore |
| 9:41 | Archer |
| 9:42 | Archer |
| 10:09 | Force of Nature |
| 10:25 | Archer |
| 10:25 | Marksmanship |
| 10:29 | Reinforced Hides |
| 10:42 | Hardened Skin |
| 10:42 | Resistant Skin |
| 10:47 | Wisp |
| 10:48 | Wisp |
| 10:48 | Wisp |
| 10:48 | Wisp |
| 11:26 | Wisp |
| 11:26 | Wisp |
| 11:56 | Moon Well |
| 11:59 | Moon Well |
| 13:15 | Goblin Shredder |
| 13:15 | Goblin Shredder |
| 13:16 | Goblin Shredder |
| 14:15 | Force of Nature |
| 14:38 | Mountain Giant |
| 14:41 | Archer |
| 14:41 | Archer |
| 14:42 | Archer |
| 15:14 | Archer |
| 15:25 | Mountain Giant |
| 15:43 | Improved Reinforced Hides |
| 15:55 | Archer |
| 15:56 | Archer |
| 16:01 | Moon Well |
| 16:04 | Moon Well |
| 17:26 | Mountain Giant |
| 17:26 | Mountain Giant |
| 17:35 | Archer |
| 17:35 | Archer |
| 18:01 | Archer |
| 18:07 | Archer |
| 18:07 | Archer |
| 19:28 | Advanced Reinforced Hides |
| 19:29 | Strength of the Wild |
| 19:31 | Improved Strength of the Moon |
| 19:55 | Tranquility |
| 20:15 | Moon Well |
| 20:16 | Moon Well |
| 20:27 | Moon Well |
| 20:27 | Moon Well |
| 21:44 | Archer |
| 21:44 | Archer |
| 21:44 | Archer |
| 21:47 | Mountain Giant |
| 21:48 | Mountain Giant |
| 22:32 | Nature's Blessing |
| 23:41 | Moon Armor |
| 24:45 | Mountain Giant |
| 25:29 | Mountain Giant |
103 units @ 17.3k
/ 3.2k
33 buildings @ 5.6k
/ 2k

| Potion of Healing | 1 | 150 |
| Staff of Preservation | 1 | 150 |
| Lesser Clarity Potion | 2 | 140 |
| Potion of Mana | 1 | 200 |
| Scroll of Town Portal | 2 | 700 |
| Rod of Necromancy | 1 | 150 |
| total: | 8 | 1490g |
| Wisp | 24 | 1440 | / | 0 |
| Huntress | 13 | 2535 | / | 260 |
| Mountain Giant | 9 | 3150 | / | 900 |
| Dryad | 2 | 290 | / | 120 |
| total: | 48 | 7415g | / | 1280w |
| Altar of Elders | 1 | 180 | / | 50 |
| Moon Well | 6 | 1080 | / | 240 |
| Ancient of War | 2 | 300 | / | 120 |
| Hunter's Hall | 1 | 210 | / | 100 |
| Tree of Life | 1 | 340 | / | 185 |
| Ancient of Wonders | 1 | 90 | / | 30 |
| Ancient of Lore | 2 | 310 | / | 290 |
| Tree of Ages | 1 | 320 | / | 180 |
| Tree of Eternity | 1 | 330 | / | 200 |
| total: | 14 | 2510g | / | 1015w |
| 0:02 | Wisp |
| 0:02 | Wisp |
| 0:06 | Altar of Elders |
| 0:18 | Moon Well |
| 0:23 | Wisp |
| 0:36 | Wisp |
| 0:36 | Wisp |
| 0:57 | Wisp |
| 1:25 | Wisp |
| 1:26 | Wisp |
| 1:40 | Wisp |
| 1:40 | Wisp |
| 1:55 | Ancient of War |
| 1:59 | Hunter's Hall |
| 2:09 | Moon Well |
| 2:12 | Entangling Roots |
| 2:18 | Wisp |
| 2:32 | Ancient of War |
| 2:45 | Moon Well |
| 3:02 | Huntress |
| 3:25 | Ultravision |
| 3:29 | Huntress |
| 3:51 | Huntress |
| 4:15 | Rod of Necromancy |
| 4:21 | Huntress |
| 4:50 | Huntress |
| 4:58 | Moon Well |
| 5:25 | Force of Nature |
| 5:35 | Tree of Life |
| 5:59 | Huntress |
| 6:04 | Ancient of Wonders |
| 6:18 | Huntress |
| 7:27 | Huntress |
| 7:45 | Wisp |
| 7:45 | Wisp |
| 8:30 | Huntress |
| 8:36 | Wisp |
| 8:36 | Wisp |
| 8:36 | Wisp |
| 8:49 | Force of Nature |
| 9:57 | Wisp |
| 9:57 | Wisp |
| 10:05 | Tree of Ages |
| 10:22 | Huntress |
| 10:48 | Huntress |
| 11:07 | Huntress |
| 11:23 | Huntress |
| 12:00 | Moon Well |
| 12:09 | Moon Well |
| 12:34 | Entangling Roots |
| 12:47 | Ancient of Lore |
| 13:06 | Ancient of Lore |
| 14:08 | Mountain Giant |
| 14:32 | Mountain Giant |
| 14:47 | Force of Nature |
| 15:08 | Tree of Eternity |
| 15:26 | Abolish Magic |
| 15:44 | Reinforced Hides |
| 15:47 | Mountain Giant |
| 16:07 | Mountain Giant |
| 17:09 | Mountain Giant |
| 17:10 | Mountain Giant |
| 17:38 | Resistant Skin |
| 18:01 | Wisp |
| 18:01 | Wisp |
| 18:01 | Wisp |
| 18:01 | Wisp |
| 18:26 | Hardened Skin |
| 18:47 | Wisp |
| 18:47 | Wisp |
| 18:56 | Potion of Healing |
| 18:57 | Scroll of Town Portal |
| 18:57 | Staff of Preservation |
| 18:59 | Lesser Clarity Potion |
| 19:33 | Improved Reinforced Hides |
| 20:40 | Strength of the Wild |
| 21:05 | Mountain Giant |
| 21:14 | Tranquility |
| 22:01 | Mountain Giant |
| 22:19 | Advanced Reinforced Hides |
| 22:48 | Potion of Mana |
| 22:48 | Scroll of Town Portal |
| 22:51 | Lesser Clarity Potion |
| 24:44 | Dryad |
| 24:44 | Dryad |
| 24:58 | Entangling Roots |
| 26:36 | Mountain Giant |


| Rod of Necromancy | 2 | 300 |
| Ritual Dagger | 1 | 125 |
| Orb of Corruption | 2 | 750 |
| Potion of Mana | 1 | 200 |
| Potion of Healing | 1 | 150 |
| Scroll of Town Portal | 3 | 1050 |
| Scroll of Healing | 3 | 750 |
| Potion of Lesser Invulnerability | 1 | 150 |
| Scroll of Protection | 1 | 150 |
| total: | 15 | 3625g |
| Acolyte | 7 | 525 | / | 0 |
| Ghoul | 3 | 360 | / | 0 |
| Crypt Fiend | 16 | 3440 | / | 640 |
| Obsidian Statue | 6 | 1200 | / | 210 |
| Abomination | 10 | 2400 | / | 700 |
| Necromancer | 6 | 870 | / | 120 |
| Banshee | 7 | 1085 | / | 210 |
| total: | 55 | 9880g | / | 1880w |
| Nerubian Tower | 2 | 200 | / | 40 |
| Altar of Darkness | 1 | 180 | / | 50 |
| Ziggurat | 12 | 1800 | / | 600 |
| Crypt | 1 | 200 | / | 50 |
| Graveyard | 1 | 215 | / | 0 |
| Tomb of Relics | 1 | 130 | / | 30 |
| Necropolis | 1 | 225 | / | 0 |
| Slaughterhouse | 1 | 140 | / | 135 |
| Temple of the Damned | 1 | 155 | / | 140 |
| Halls of the Dead | 1 | 320 | / | 210 |
| Black Citadel | 1 | 325 | / | 230 |
| total: | 19 | 3045g | / | 1005w |
| 0:03 | Acolyte |
| 0:03 | Acolyte |
| 0:12 | Altar of Darkness |
| 0:14 | Ziggurat |
| 0:22 | Crypt |
| 0:47 | Graveyard |
| 1:02 | Tomb of Relics |
| 1:24 | Ghoul |
| 1:24 | Ghoul |
| 1:29 | Ziggurat |
| 1:54 | Ghoul |
| 2:21 | Rod of Necromancy |
| 2:22 | Death Coil |
| 2:36 | Crypt Fiend |
| 3:20 | Halls of the Dead |
| 3:21 | Crypt Fiend |
| 4:06 | Crypt Fiend |
| 4:13 | Ritual Dagger |
| 4:27 | Crypt Fiend |
| 4:32 | Creature Attack |
| 4:37 | Ziggurat |
| 5:16 | Unholy Aura |
| 6:07 | Slaughterhouse |
| 7:01 | Frost Nova |
| 7:29 | Death Coil |
| 7:50 | Crypt Fiend |
| 8:09 | Black Citadel |
| 8:10 | Crypt Fiend |
| 8:12 | Obsidian Statue |
| 8:12 | Obsidian Statue |
| 8:47 | Burrow |
| 8:47 | Crypt Fiend |
| 8:48 | Improved Creature Attack |
| 9:16 | Rod of Necromancy |
| 9:24 | Ziggurat |
| 10:00 | Frost Armor |
| 10:13 | Scroll of Town Portal |
| 10:18 | Crypt Fiend |
| 10:40 | Abomination |
| 10:41 | Disease Cloud |
| 11:12 | Temple of the Damned |
| 11:55 | Ziggurat |
| 12:34 | Frost Nova |
| 12:38 | Unholy Aura |
| 12:47 | Ziggurat |
| 12:51 | Skeletal Mastery |
| 12:51 | Necromancer Adept Training |
| 13:02 | Potion of Lesser Invulnerability |
| 13:09 | Scroll of Healing |
| 13:09 | Scroll of Healing |
| 13:10 | Scroll of Protection |
| 13:18 | Acolyte |
| 14:27 | Necromancer |
| 14:27 | Necromancer |
| 14:45 | Frost Armor |
| 14:52 | Necropolis |
| 15:31 | Crypt Fiend |
| 15:32 | Abomination |
| 15:34 | Necromancer |
| 15:48 | Necromancer |
| 15:50 | Abomination |
| 15:51 | Crypt Fiend |
| 15:53 | Ziggurat |
| 15:55 | Ziggurat |
| 16:26 | Abomination |
| 16:27 | Necromancer |
| 16:28 | Crypt Fiend |
| 16:38 | Death Coil |
| 17:18 | Abomination |
| 17:19 | Crypt Fiend |
| 17:20 | Banshee |
| 17:20 | Banshee |
| 17:20 | Necromancer |
| 17:56 | Abomination |
| 17:56 | Crypt Fiend |
| 18:44 | Acolyte |
| 18:44 | Acolyte |
| 18:44 | Acolyte |
| 18:44 | Acolyte |
| 18:47 | Ziggurat |
| 18:47 | Ziggurat |
| 18:49 | Ziggurat |
| 19:02 | Unholy Armor |
| 19:03 | Unholy Strength |
| 19:09 | Scroll of Town Portal |
| 19:29 | Orb of Corruption |
| 19:29 | Orb of Corruption |
| 19:42 | Banshee Adept Training |
| 19:50 | Nerubian Tower |
| 19:56 | Nerubian Tower |
| 20:02 | Abomination |
| 20:05 | Destroyer Form |
| 20:06 | Obsidian Statue |
| 20:07 | Obsidian Statue |
| 20:12 | Banshee |
| 20:32 | Ziggurat |
| 21:14 | Frost Nova |
| 21:20 | Frost Nova |
| 21:26 | Banshee Master Training |
| 21:26 | Banshee |
| 22:17 | Crypt Fiend |
| 22:17 | Abomination |
| 22:33 | Scroll of Town Portal |
| 22:34 | Scroll of Healing |
| 22:36 | Potion of Mana |
| 22:38 | Potion of Healing |
| 22:50 | Abomination |
| 22:52 | Banshee |
| 22:54 | Crypt Fiend |
| 23:19 | Banshee |
| 24:23 | Animate Dead |
| 24:37 | Crypt Fiend |
| 24:37 | Abomination |
| 24:38 | Banshee |
| 24:51 | Obsidian Statue |
| 24:51 | Obsidian Statue |
| 25:33 | Frost Armor |